TOP OF THE 1ST |
Birmingham Barons batting - Pitching for Portland Sea Dogs : LHP Eric Del Sordo
|
Pitching: LHP Eric Del Sordo
|
|
Batting: RHB Hector Padilla
|
0-0: Called Strike 0-1: Called Strike 0-2: Ball 1-2: Foul Ball, location: 2F 1-2: Ground out U3 (Groundball, 34S, EV 84.4 MPH)
|
Batting: RHB Micah Brown
|
0-0: Ball 1-0: Called Strike 1-1: Called Strike 1-2: SOLO HOME RUN (Flyball, 7D, EV 99.4 MPH), Distance : 385 ft
|
Batting: RHB Paul Lloyd
|
0-0: Ball 1-0: Foul Ball, location: 2F 1-1: Called Strike 1-2: Foul Ball, location: 2F 1-2: Foul Ball, location: 2F 1-2: Ball 2-2: Fly out, F7 (Line Drive, 7, EV 93.8 MPH)
|
Batting: LHB Dustin Taylor
|
0-0: Ball 1-0: Ball 2-0: Ball 3-0: Foul Ball, location: 2F 3-1: Base on Balls
|
Batting: LHB Alberto Carrasco
|
0-0: Ball 1-0: Ball 2-0: Ball 3-0: Base on Balls Dustin Taylor to second
|
Batting: LHB John Thurman
|
0-0: SINGLE (Line Drive, 78M, EV 92.5 MPH) Dustin Taylor to third Alberto Carrasco to second Runner from 3rd tries for Home, SAFE, throw by LF to home
|
Batting: SHB In-sung Lee
|
0-0: Called Strike 0-1: Swinging Strike 0-2: Strikes out swinging
|
Top of the 1st over - 2 runs, 2 hits, 0 errors, 2 left on base; Birmingham 2 - Portland 0 |
BOTTOM OF THE 1ST |
Portland Sea Dogs batting - Pitching for Birmingham Barons : LHP Joel Beery
|
Pitching: LHP Joel Beery
|
|
Batting: RHB David Norum
|
0-0: Called Strike 0-1: Ground out 5-3 (Groundball, 5D, EV 89.4 MPH)
|
Batting: RHB John Chiesa
|
0-0: Called Strike 0-1: Ball 1-1: Foul Ball, location: 2F 1-2: Ball 2-2: Ball 3-2: Ground out 6-3 (Groundball, 6, EV 96.9 MPH)
|
Batting: RHB Manny Jurado
|
0-0: Ball 1-0: Foul Ball, location: 2F 1-1: Ball 2-1: Ground out 6-3 (Groundball, 6, EV 80.6 MPH)
|
Bottom of the 1st over - 0 runs, 0 hits, 0 errors, 0 left on base; Birmingham 2 - Portland 0 |
TOP OF THE 2ND |
Birmingham Barons batting - Pitching for Portland Sea Dogs : LHP Eric Del Sordo
|
Batting: LHB Preston Knaak
|
0-0: Swinging Strike 0-1: Foul Ball, location: 2F 0-2: Strikes out swinging
|
Batting: RHB Felix Torres
|
0-0: Ground out 5-3 (Groundball, 56, EV 85.0 MPH)
|
Batting: RHB Hector Padilla
|
0-0: Called Strike 0-1: Ball 1-1: Fly out, F9 (Flyball, 9LS, EV 78.1 MPH)
|
Top of the 2nd over - 0 runs, 0 hits, 0 errors, 0 left on base; Birmingham 2 - Portland 0 |
BOTTOM OF THE 2ND |
Portland Sea Dogs batting - Pitching for Birmingham Barons : LHP Joel Beery
|
Batting: RHB Carlos Nolasco
|
0-0: Foul Ball, location: 2F 0-1: Ball 1-1: Foul Ball, location: 2F 1-2: Foul Ball, location: 2F 1-2: Ground out 4-3 (Groundball, 34, EV 79.4 MPH)
|
Batting: LHB Blake Sams
|
0-0: Ball 1-0: Called Strike 1-1: Swinging Strike 1-2: Strikes out swinging
|
Batting: RHB Guillermo Quintero
|
0-0: Foul Ball, location: 2F 0-1: Ball 1-1: Ball 2-1: Ground out U3 (Groundball, 13, EV 86.2 MPH)
|
Bottom of the 2nd over - 0 runs, 0 hits, 0 errors, 0 left on base; Birmingham 2 - Portland 0 |
TOP OF THE 3RD |
Birmingham Barons batting - Pitching for Portland Sea Dogs : LHP Eric Del Sordo
|
Batting: RHB Micah Brown
|
0-0: Foul Ball, location: 2F 0-1: Fly out, F9 (Flyball, 9LS, EV 91.2 MPH)
|
Batting: RHB Paul Lloyd
|
0-0: Ball 1-0: Foul Ball, location: 2F 1-1: Swinging Strike 1-2: Strikes out swinging
|
Batting: LHB Dustin Taylor
|
0-0: Called Strike 0-1: Called Strike 0-2: Foul Ball, location: 2F 0-2: Foul Ball, location: 2F 0-2: Ball 1-2: Ball 2-2: Strikes out looking
|
Top of the 3rd over - 0 runs, 0 hits, 0 errors, 0 left on base; Birmingham 2 - Portland 0 |
BOTTOM OF THE 3RD |
Portland Sea Dogs batting - Pitching for Birmingham Barons : LHP Joel Beery
|
Batting: LHB Julian Toney
|
0-0: Ball 1-0: Called Strike 1-1: Ball 2-1: Foul Ball, location: 2F 2-2: Strikes out swinging
|
Batting: RHB Joe Evrard
|
0-0: Foul Ball, location: 2F 0-1: SINGLE (Flyball, 9LS, EV 98.8 MPH)
|
Batting: SHB Gus Cruz
|
0-0: Ball 1-0: Swinging Strike 1-1: Ball 2-1: SINGLE (Groundball, 56S, EV 61.2 MPH) (infield hit) Joe Evrard to second
|
Batting: RHB David Norum
|
0-0: Foul Ball, location: 2F 0-1: Swinging Strike 0-2: Ball 1-2: Strikes out swinging
|
Batting: RHB John Chiesa
|
0-0: Ball 1-0: Ball 2-0: Ball 3-0: Base on Balls Joe Evrard to third Gus Cruz to second
|
Batting: RHB Manny Jurado
|
0-0: Called Strike 0-1: Fly out, F7 (Flyball, 78M, EV 88.8 MPH)
|
Bottom of the 3rd over - 0 runs, 2 hits, 0 errors, 3 left on base; Birmingham 2 - Portland 0 |
TOP OF THE 4TH |
Birmingham Barons batting - Pitching for Portland Sea Dogs : LHP Eric Del Sordo
|
Batting: LHB Alberto Carrasco
|
0-0: Ball 1-0: Ball 2-0: SOLO HOME RUN (Flyball, 9D, EV 98.8 MPH), Distance : 372 ft
|
Batting: LHB John Thurman
|
0-0: Ball 1-0: Fly out, F3 (Line Drive, 3, EV 71.2 MPH)
|
Batting: SHB In-sung Lee
|
0-0: Called Strike 0-1: SINGLE (Line Drive, 7, EV 95.6 MPH)
|
Batting: LHB Preston Knaak
|
0-0: Ball 1-0: Swinging Strike 1-1: Called Strike 1-2: Ball 2-2: DOUBLE (Flyball, 78XD, EV 109.4 MPH) In-sung Lee to third
|
Batting: RHB Felix Torres
|
0-0: Called Strike 0-1: Ball 1-1: Foul Ball, location: 2F 1-2: SINGLE (Line Drive, 4MD, EV 108.8 MPH) In-sung Lee scores Preston Knaak to third
|
Batting: RHB Hector Padilla
|
0-0: Called Strike Pickoff Throw by Catcher to First - Out! 0-1: Swinging Strike Passed Ball! Preston Knaak scores 0-2: Foul Ball, location: 2F 0-2: Strikes out swinging
|
Top of the 4th over - 3 runs, 4 hits, 0 errors, 0 left on base; Birmingham 5 - Portland 0 |
BOTTOM OF THE 4TH |
Portland Sea Dogs batting - Pitching for Birmingham Barons : LHP Joel Beery
|
Batting: RHB Carlos Nolasco
|
0-0: Ball 1-0: Foul Ball, location: 2F 1-1: Ground out 1-3 (Groundball, 13S, EV 69.4 MPH)
|
Batting: LHB Blake Sams
|
0-0: Foul Ball, location: 2F 0-1: Swinging Strike 0-2: Strikes out swinging
|
Batting: RHB Guillermo Quintero
|
0-0: Swinging Strike 0-1: Swinging Strike 0-2: Ball 1-2: Strikes out looking
|
Bottom of the 4th over - 0 runs, 0 hits, 0 errors, 0 left on base; Birmingham 5 - Portland 0 |
TOP OF THE 5TH |
Birmingham Barons batting - Pitching for Portland Sea Dogs : LHP Eric Del Sordo
|
Batting: RHB Micah Brown
|
0-0: Ball 1-0: Ball 2-0: Fly out, F4 (Popup, 34, EV 64.4 MPH)
|
Batting: RHB Paul Lloyd
|
0-0: Foul Ball, location: 2F 0-1: Ball 1-1: DOUBLE (Groundball, 5L, EV 100.6 MPH)
|
Pitching: RHP Cameron Williams
|
|
Batting: LHB Dustin Taylor
|
0-0: Called Strike 0-1: Ball 1-1: Ball 2-1: Ball 3-1: Base on Balls
|
Batting: LHB Alberto Carrasco
|
0-0: Ground out 4-3 (Groundball, 4S, EV 72.5 MPH) Paul Lloyd to third Dustin Taylor to second
|
Batting: LHB John Thurman
|
0-0: 3-RUN HOME RUN (Flyball, 9LD, EV 95.6 MPH), Distance : 355 ft
|
Batting: SHB In-sung Lee
|
0-0: Foul Ball, location: 2F 0-1: Foul Ball, location: 2F 0-2: Ball 1-2: Strikes out swinging
|
Top of the 5th over - 3 runs, 2 hits, 0 errors, 0 left on base; Birmingham 8 - Portland 0 |
BOTTOM OF THE 5TH |
Portland Sea Dogs batting - Pitching for Birmingham Barons : LHP Joel Beery
|
Batting: LHB Julian Toney
|
0-0: Foul Ball, location: 2F 0-1: Ball 1-1: Foul Ball, location: 2F 1-2: Foul Ball, location: 2F 1-2: Strikes out swinging
|
Batting: RHB Joe Evrard
|
0-0: Foul Ball, location: 2F 0-1: Ball 1-1: Ball 2-1: Swinging Strike 2-2: Strikes out swinging
|
Batting: SHB Gus Cruz
|
0-0: Called Strike 0-1: Foul Ball, location: 2F 0-2: DOUBLE (Line Drive, 5D, EV 96.9 MPH)
|
Batting: RHB David Norum
|
0-0: Ball 1-0: Ball 2-0: Called Strike 2-1: Foul Ball, location: 2F 2-2: Ground out 6-3 (Groundball, 6S, EV 85.0 MPH)
|
Bottom of the 5th over - 0 runs, 1 hit, 0 errors, 1 left on base; Birmingham 8 - Portland 0 |
TOP OF THE 6TH |
Birmingham Barons batting - Pitching for Portland Sea Dogs : RHP Cameron Williams
|
Batting: LHB Preston Knaak
|
0-0: Ball 1-0: Ground out 4-3 (Groundball, 4, EV 103.1 MPH)
|
Batting: RHB Felix Torres
|
0-0: Ball 1-0: Called Strike 1-1: Foul Ball, location: 2F 1-2: Strikes out swinging, 2-3 out at first.
|
Batting: RHB Hector Padilla
|
0-0: Called Strike 0-1: Ball 1-1: Swinging Strike 1-2: Foul Ball, location: 2F 1-2: Foul Ball, location: 2F 1-2: Ball 2-2: Fly out, F8 (Line Drive, 8RM, EV 95.6 MPH)
|
Top of the 6th over - 0 runs, 0 hits, 0 errors, 0 left on base; Birmingham 8 - Portland 0 |
BOTTOM OF THE 6TH |
Portland Sea Dogs batting - Pitching for Birmingham Barons : LHP Joel Beery
|
Batting: RHB John Chiesa
|
0-0: Called Strike 0-1: Ground out 6-3 (Groundball, 6, EV 98.8 MPH)
|
Batting: RHB Manny Jurado
|
0-0: Called Strike 0-1: Ball 1-1: Called Strike 1-2: Ball 2-2: Foul Ball, location: 2F 2-2: Fly out, F4 (Popup, 4, EV 73.8 MPH)
|
Batting: RHB Carlos Nolasco
|
0-0: Ball 1-0: Called Strike 1-1: SINGLE (Groundball, 56S, EV 67.5 MPH) (infield hit)
|
Batting: LHB Blake Sams
|
0-0: Ball 1-0: Foul Ball, location: 2F 1-1: Ball 2-1: Ball 3-1: Foul Ball, location: 2F 3-2: DOUBLE (Flyball, 89XD, EV 97.5 MPH) Carlos Nolasco to third Carlos Nolasco scores
|
Batting: RHB Guillermo Quintero
|
0-0: Ball 1-0: Foul Ball, location: 2F 1-1: Foul Ball, location: 2F 1-2: SINGLE (Groundball, 25, EV 68.1 MPH) (infield hit) Blake Sams to third
|
Batting: LHB Julian Toney
|
0-0: Called Strike 0-1: Swinging Strike 0-2: Foul Ball, location: 2F 0-2: Strikes out swinging
|
Bottom of the 6th over - 1 run, 3 hits, 0 errors, 2 left on base; Birmingham 8 - Portland 1 |
TOP OF THE 7TH |
Birmingham Barons batting - Pitching for Portland Sea Dogs : RHP Cameron Williams
|
Batting: RHB Micah Brown
|
0-0: Swinging Strike 0-1: SINGLE (Flyball, 3D, EV 93.1 MPH)
|
Batting: RHB Paul Lloyd
|
0-0: Called Strike 0-1: Foul Ball, location: 2F 0-2: Ball 1-2: Foul Ball, location: 2F 1-2: Strikes out swinging
|
Batting: LHB Dustin Taylor
|
0-0: Ball 1-0: Ball 2-0: Called Strike 2-1: Called Strike 2-2: Foul Ball, location: 2F 2-2: Ball 3-2: Foul Ball, location: 2F 3-2: Base on Balls Micah Brown to second
|
Pitching: RHP Marquis Williams
|
|
Batting: LHB Alberto Carrasco
|
0-0: Ball 1-0: SINGLE (Line Drive, 8LS, EV 90.6 MPH) Micah Brown to third Dustin Taylor to second
|
Batting: LHB John Thurman
|
0-0: Ball 1-0: Called Strike 1-1: Swinging Strike 1-2: Ball 2-2: Fly out, F8 (Line Drive, 8RM, EV 83.8 MPH) Runner from 3rd tags up, SCORES, throw by CF
|
Batting: SHB In-sung Lee
|
0-0: Ball 1-0: Foul Ball, location: 2F 1-1: Reached on error, E6 (Groundball, 6M, EV 108.8 MPH) Dustin Taylor to third Alberto Carrasco to second
|
Batting: LHB Preston Knaak
|
0-0: Ball 1-0: Swinging Strike 1-1: Foul Ball, location: 2F 1-2: Ball 2-2: Ball 3-2: Foul Ball, location: 2F 3-2: Base on Balls Dustin Taylor scores Alberto Carrasco to third In-sung Lee to second
|
Batting: RHB Felix Torres
|
0-0: Called Strike 0-1: Ball 1-1: Swinging Strike 1-2: Strikes out swinging
|
Top of the 7th over - 2 runs, 2 hits, 1 error, 3 left on base; Birmingham 10 - Portland 1 |
BOTTOM OF THE 7TH |
Portland Sea Dogs batting - Pitching for Birmingham Barons : LHP Joel Beery
|
Batting: RHB Joe Evrard
|
0-0: Called Strike 0-1: Ground out 4-3 (Groundball, 4, EV 86.9 MPH)
|
Pitching: RHP Yee Li
|
|
Pinch Hitting: RHB Yoshiro Higuchi
|
0-0: Foul Ball, location: 2F 0-1: Ground out 6-3 (Groundball, 6, EV 82.5 MPH)
|
Pinch Hitting: RHB Trent Hood
|
0-0: Fly out, F8 (Line Drive, 8RM, EV 90.6 MPH)
|
Bottom of the 7th over - 0 runs, 0 hits, 0 errors, 0 left on base; Birmingham 10 - Portland 1 |
TOP OF THE 8TH |
Birmingham Barons batting - Pitching for Portland Sea Dogs : RHP Marquis Williams
|
Now at 2B: Trent Hood
|
|
Now at SS: Yoshiro Higuchi
|
|
Batting: RHB Hector Padilla
|
0-0: Ball 1-0: Swinging Strike 1-1: Foul Ball, location: 2F 1-2: Foul Ball, location: 2F 1-2: Ball 2-2: Foul Ball, location: 2F 2-2: Strikes out swinging
|
Batting: RHB Micah Brown
|
0-0: Called Strike 0-1: Ball 1-1: Foul Ball, location: 2F 1-2: Foul Ball, location: 2F 1-2: Foul Ball, location: 2F 1-2: Fly out, F9 (Line Drive, 9, EV 103.1 MPH)
|
Batting: RHB Paul Lloyd
|
0-0: Ball 1-0: Foul Ball, location: 2F 1-1: Ball 2-1: SOLO HOME RUN (Flyball, 7LD, EV 96.9 MPH), Distance : 380 ft
|
Batting: LHB Dustin Taylor
|
0-0: Fly out, F8 (Flyball, 8LS, EV 90.6 MPH)
|
Top of the 8th over - 1 run, 1 hit, 0 errors, 0 left on base; Birmingham 11 - Portland 1 |
BOTTOM OF THE 8TH |
Portland Sea Dogs batting - Pitching for Birmingham Barons : RHP Yee Li
|
Pinch Hitting: RHB Elias Montes
|
0-0: Ball 1-0: DOUBLE (Groundball, 5L, EV 101.9 MPH)
|
Batting: RHB Manny Jurado
|
0-0: Ball 1-0: Ground out 6-3 (Groundball, 6, EV 98.1 MPH)
|
Pinch Hitting: RHB Bobby Morales
|
0-0: Called Strike 0-1: Ball 1-1: Swinging Strike 1-2: Ball 2-2: SINGLE (Groundball, P, EV 88.8 MPH) (infield hit) Elias Montes to third
|
Batting: LHB Blake Sams
|
0-0: Ball 1-0: Fielders Choice at 2nd, 4-6 (Groundball, 4, EV 101.9 MPH) Elias Montes scores
|
Pinch Hitting: LHB Parker Lowe
|
0-0: Fly out, F2 (Popup, 23F, EV 88.1 MPH)
|
Bottom of the 8th over - 1 run, 2 hits, 0 errors, 1 left on base; Birmingham 11 - Portland 2 |
TOP OF THE 9TH |
Birmingham Barons batting - Pitching for Portland Sea Dogs : RHP Marquis Williams
|
Pitching: LHP Francisco Lucero
|
|
Now at 1B: Parker Lowe
|
|
Now at 2B: Bobby Morales
|
|
Now at 3B: Trent Hood
|
|
Now in CF: Elias Montes
|
|
Batting: LHB Alberto Carrasco
|
0-0: Ball 1-0: Ground out 4-3 (Groundball, 34, EV 101.2 MPH)
|
Batting: LHB John Thurman
|
0-0: Foul Ball, location: 2F 0-1: Ball 1-1: Ball 2-1: Ball 3-1: Called Strike 3-2: Base on Balls
|
Batting: SHB In-sung Lee
|
0-0: Swinging Strike 0-1: Grounds into double play, 4-6-3 (Groundball, 4, EV 89.4 MPH)
|
Top of the 9th over - 0 runs, 0 hits, 0 errors, 0 left on base; Birmingham 11 - Portland 2 |
BOTTOM OF THE 9TH |
Portland Sea Dogs batting - Pitching for Birmingham Barons : RHP Yee Li
|
Batting: LHB Julian Toney
|
0-0: Called Strike 0-1: Foul Ball, location: 2F 0-2: SINGLE (Line Drive, 8RS, EV 105.6 MPH)
|
Pinch Hitting: RHB Pat Bulger
|
0-0: Ball 1-0: Called Strike 1-1: Fly out, F3 (Popup, 23F, EV 81.9 MPH)
|
Pinch Hitting: LHB Jake Goddard
|
0-0: Called Strike 0-1: Called Strike 0-2: Strikes out swinging
|
Pinch Hitting: LHB Mike Jones
|
0-0: DOUBLE (Groundball, 3L, EV 109.4 MPH) Julian Toney to third
|
Batting: RHB Elias Montes
|
0-0: Called Strike 0-1: Called Strike 0-2: Ball 1-2: Ground out 3-1 (Groundball, 34S, EV 85.6 MPH)
|
Bottom of the 9th over - 0 runs, 2 hits, 0 errors, 2 left on base; Birmingham 11 - Portland 2 |
|